 Dungeon Crawl Stone Soup version 0.19-a0-475-gfca3800 (webtiles) character file.

301 Duffy the Chopper (level 6, -8/44 HPs)
             Began as a Mummy Gladiator on June 4, 2016.
             Mangled by an ogre
             ... wielding a +0 giant spiked club
              (9 damage)
             ... on level 6 of the Dungeon.
             The game lasted 00:01:49 (1303 turns).

Duffy the Chopper (Mummy Gladiator)                 Turns: 1303, Time: 00:01:49

Health: -8/44      AC:  9    Str: 20    XL:     6   Next: 14%
Magic:  6/6        EV:  8    Int:  7    God:
Gold:   110        SH:  0    Dex: 13    Spells: 0 memorised, 5 levels left

rFire  . . .     SeeInvis .     a - +0 war axe
rCold  . . .     Gourm    .     j - +0 chain mail
rNeg   + + +     Faith    .     (no shield)
rPois  ∞         Spirit   .     c - +0 helmet
rElec  .         Dismiss  .     (no cloak)
rCorr  .         Reflect  .     (no gloves)
SustAt .         Harm     .     (no boots)
MR     .....                    (no amulet)
Stlth  ..........               (no ring)
                                g - ring of fire

@: not resistant to hostile enchantments, extremely unstealthy
A: no food or potions, fire vulnerability, cold resistance 1, negative energy
resistance 3, torment resistance, unbreathing
a: no special abilities


You were on level 6 of the Dungeon.
You were not hungry.

You visited 1 branch of the dungeon, and saw 5 of its levels.

You collected 110 gold pieces.


Innate Abilities, Weirdness & Mutations

You do not eat or drink.
Your flesh is vulnerable to fire.
You are immune to poison.
Your flesh is cold resistant. (rC+)
You are immune to negative energy. (rN+++)
You are immune to unholy pain and torment.
You can survive without breathing.


   Skills:
 - Level 2.0 Fighting
 + Level 5.8 Axes
 - Level 1.5 Throwing
 - Level 2.4 Dodging


You had 5 spell levels left.
You didn't know any spells.

Inventory:

Hand Weapons
 a - a +0 war axe (weapon)
 k - a +2 hand axe of chopping
Missiles
 d - 3 throwing nets (quivered)
Armour
 c - a +0 helmet (worn)
 j - a +0 chain mail (worn)
Jewellery
 g - a ring of fire (left hand)
Scrolls
 b - a scroll of random uselessness {unknown}
 e - 2 scrolls of enchant weapon {unknown}
 f - 4 scrolls of identify {unknown}
 h - a scroll of magic mapping {unknown}
 i - a scroll of teleportation {unknown}
 l - a scroll of recharging {unknown}

Dungeon Overview and Level Annotations

Branches:
Dungeon (4/15)
 Temple: D:4-7

Altars:
Elyvilon


Message History

You feel stronger.
You see here a glowing hand axe.
k - a glowing hand axe You start resting.
HP restored.
There is a fountain of clear blue water here.
An iguana comes into view.
The iguana hisses angrily.
You now have 110 gold pieces (gained 13).
You start waiting.
You hit the iguana but do no damage. The iguana barely misses you.
You slash the iguana!
The iguana is almost dead.
The iguana bites you.
You hit the iguana.
You kill the iguana!
No target in view!
No target in view!
You see here an iguana corpse.
An ogre comes into view. It is wielding a giant spiked club.
The ogre shouts!
You see here a scroll labeled JAPILU CUHACA.
l - a scroll labeled JAPILU CUHACA Wield which item (- for none, * to show all)? (? for menu, Esc to quit)
k - a +2 hand axe of chopping (weapon)
Wield which item (- for none, * to show all)? (? for menu, Esc to quit)
Okay, then.
You hit the ogre.
The ogre is lightly wounded.
The ogre barely misses you.
Your chain mail prevents you from hitting the ogre.
The ogre is lightly wounded.
The ogre hits you with a giant spiked club!!
Wield which item (- for none, * to show all)? (? for menu, Esc to quit)
a - a +0 war axe (weapon)
You hit the ogre.
The ogre is moderately wounded.
The ogre hits you with a giant spiked club!
You slash the ogre!
The ogre is severely wounded.
The ogre closely misses you.
Your chain mail prevents you from hitting the ogre.
The ogre is severely wounded.
The ogre hits you with a giant spiked club!
Your chain mail prevents you from hitting the ogre.
The ogre is severely wounded.
You hit the ogre.
The ogre is almost dead.
The ogre hits you with a giant spiked club!
You die...

###############
#.............#
#.#.#.#.#.#.#.#
#.............#
##...}.....}...##
#......._.......#
#....}.....}....#
########%.@..........).#
.........O#.#.#.#.#.#..#
###.#####.............>..
########...######.
#.....# #.....# #.O...#
#....... #.#.#####


You could see an ogre.

Action                   |  1- 3 |  4- 6 || total
-------------------------+-------+-------++-------
Melee: War axe           |    47 |    51 ||    98
       Hand axe          |       |     2 ||     2
Armor: Ring mail         |    22 |     3 ||    25
       Chain mail        |       |    19 ||    19
Dodge: Dodged            |    23 |    18 ||    41

Notes
Turn   | Place    | Note
--------------------------------------------------------------
     0 | D:1      | Duffy the Mummy Gladiator began the quest for the Orb.
     0 | D:1      | Reached XP level 1. HP: 16/16 MP: 1/1
   362 | D:2      | Reached skill level 3 in Axes
   362 | D:2      | Reached XP level 2. HP: 21/22 MP: 2/2
   665 | D:3      | Reached XP level 3. HP: 27/27 MP: 3/3
   668 | D:3      | Noticed a scorpion
   681 | D:3      | Killed a scorpion
   681 | D:3      | Reached skill level 4 in Axes
   681 | D:3      | Reached XP level 4. HP: 23/33 MP: 4/4
   896 | D:4      | Noticed namelastname112's ghost (amateur TeNe)
   936 | D:4      | Killed namelastname112's ghost
   936 | D:4      | Reached skill level 5 in Axes
   936 | D:4      | Reached XP level 5. HP: 15/38 MP: 5/5
  1162 | D:3      | You fall through a shaft for 3 floors!
  1162 | D:6      | Found a white marble altar of Elyvilon.
  1183 | D:6      | Reached XP level 6. HP: 33/44 MP: 6/6
  1303 | D:6      | Mangled by an ogre

Skill      XL: |  1  2  3  4 |
---------------+-------------+-----
Axes           | 3 4 5 |  5.8
Fighting       | |  2.0
Throwing       | |  1.5
Dodging        | |  2.4

Vault maps used:
D:1:      eino_arrival_cavern_c
D:2:      kennysheep_six_static_rooms, fountainhead, grunt_ministairs_9
D:3:      nicolae_overflow_crystal_walls, hex_large,
          gammafunk_pakellas_cloud_experiment
D:4:      minmay_temple_entry_oklob, first_bread, minmay_small_thing
D:6:      elyvilon_altar_5, tgw_sif, uniq_prince_ribbit1

Vanquished Creatures
  The ghost of namelastname112 the Grave Robber, an amateur TeNe
  A scorpion
  An iguana
  A worker ant
  2 adders
  A worm
  A giant gecko
  A ball python
  A giant cockroach
  2 goblins
  4 hobgoblins
  2 kobolds
  3 bats
  A rat
22 creatures vanquished.
